 Dungeon Crawl Stone Soup version 0.23-b1-49-g13d5857 (webtiles) character file.

Game seed: 3242470417383218687

18253 Kairos the Blocker (level 12, -3/63 HPs)
             Began as a Vine Stalker Fighter on Feb 3, 2019.
             Was a High Priest of Okawaru.
             Slain by a molten gargoyle
             ... wielding a +0 flail
              (5 damage)
             ... while petrified by you
             ... in a Gauntlet.
             The game lasted 00:32:13 (11316 turns).

Kairos the Blocker (Vine Stalker Fighter)          Turns: 11316, Time: 00:32:16

Health: -3/63      AC: 16    Str: 30    XL:     12   Next: 56%
Magic:  0/15       EV:  2    Int: 16    God:    Okawaru [*****.]
Gold:   427        SH:  0    Dex: 15    Spells: 11/11 levels left

rFire    + . .     SeeInvis .   a - +2 war axe
rCold    + + +     Gourm    .   V - +0 large shield {rC+}
rNeg     + + +     Faith    .   E - +3 ring mail "Nokaxofore" {rC+ Regen+ Str+4 Int+2}
rPois    ∞         Spirit   +   z - +2 hat
rElec    +         Reflect  .   M - +0 cloak
rCorr    .         Harm     .   u - +0 pair of gloves
MR       +....     NoTele   +   J - +2 pair of boots "Upraut" {*Contam Regen+ Int+3}
Stlth    ++++......             T - amulet of rage
HPRegen  1.80/turn              f - ring "Uplucobi" {rElec rPois rN+ Str+3 Stlth+}
MPRegen  0.14/turn              q - ring "Lokhyucw" {-Tele rF+ rC+ Int+3}

@: petrified, heroism, finesse
A: fangs 3, deformed body, regeneration 2, magic shield, antimagic bite, no
potion heal 3, rot immunity
a: Heroism, Finesse, Renounce Religion, Evoke Berserk Rage


You were in a Gauntlet.
You worshipped Okawaru.
Okawaru was extremely pleased with you.
You were not hungry.

You visited 2 branches of the dungeon, and saw 11 of its levels.
You also visited: Gauntlet.

You collected 427 gold pieces.

Inventory:

Hand Weapons
 a - a +2 war axe (weapon)
 d - a +2 hand crossbow of freezing
 y - a +1 mace of protection
Armour
 u - a +0 pair of gloves (worn)
 z - a +2 hat (worn)
 E - the +3 ring mail "Nokaxofore" (worn) {rC+ Regen+ Str+4 Int+2}
   (You found it on level 7 of the Dungeon)

   It affects your strength (+4).
   It affects your intelligence (+2).
   It protects you from cold.
   It increases your rate of regeneration.
 J - the +2 pair of boots "Upraut" (worn) {*Contam Regen+ Int+3}
   (You found it on level 8 of the Dungeon)

   It affects your intelligence (+3).
   It causes magical contamination when unequipped.
   It increases your rate of regeneration.
 M - a +0 cloak (worn)
 V - a +0 large shield of cold resistance (worn)
Jewellery
 f - the ring "Uplucobi" (left hand) {rElec rPois rN+ Str+3 Stlth+}
   (You found it in a Gauntlet)

   [ring of poison resistance]

   It affects your strength (+3).
   It insulates you from electricity.
   It protects you from poison.
   It protects you from negative energy.
   It makes you more stealthy.
 p - an uncursed ring of magical power
 q - the ring "Lokhyucw" (right hand) {-Tele rF+ rC+ Int+3}
   (You found it in a Gauntlet)

   [ring of protection from fire]

   It affects your intelligence (+3).
   It protects you from fire.
   It protects you from cold.
   It prevents most forms of teleportation.
 s - an uncursed ring of poison resistance
 B - an uncursed ring of ice
 P - the ring of Xohohidd {Fire rPois Int+2}
   (You found it on level 1 of the Lair of Beasts)

   [ring of fire]

   It enhances your fire magic.
   It affects your intelligence (+2).
   It protects you from fire.
   It makes you vulnerable to cold.
   It protects you from poison.
 T - an amulet of rage (around neck)
Wands
 x - a wand of random effects (36)
 G - a wand of acid (7)
 K - a wand of iceblast (11)
 L - a wand of clouds (3)
Scrolls
 c - a scroll of enchant armour
 g - 3 scrolls of teleportation
 i - a scroll of fear
 k - 4 scrolls of blinking
 m - 4 scrolls of remove curse
 v - 2 scrolls of immolation
 C - 2 scrolls of amnesia
 F - a scroll of silence
 O - a scroll of summoning
 Q - a scroll of fog
Potions
 b - a potion of flight
 e - a potion of agility
 h - 7 potions of curing
 j - a potion of haste
 l - 2 potions of mutation
 o - 2 potions of lignification {unknown}
 r - 2 potions of invisibility {unknown}
 t - a potion of magic {unknown}
 D - a potion of berserk rage {unknown}
 H - a potion of heal wounds {unknown}
 I - a potion of ambrosia {unknown}
 N - a potion of degeneration {unknown}
 R - a potion of resistance {unknown}
 S - 2 potions of brilliance {unknown}
Comestibles
 n - 17 rations


   Skills:
 + Level 7.6(12.6) Fighting
 + Level 11.8(16.9) Axes
 + Level 1.3(12.8) Maces & Flails
 + Level 6.4(11.4) Armour
 + Level 4.4(9.4) Dodging
 + Level 1.9(6.9) Stealth
 + Level 12.0(17.0) Shields
 + Level 3.0 Invocations
 + Level 0.3 Evocations


You had 11 spell levels left.
You didn't know any spells.
Your spell library contained the following spells:

 Spells                   Type           Power        Failure   Level  Hunger
 Summon Butterflies       Summ           #.......     67%         1    ##.....
 Summon Small Mammal      Summ           #...         67%         1    ##.....
 Call Imp                 Summ           #.......     80%         2    ###....
 Summon Guardian Golem    Hex/Summ       #.......     95%         3    ####...
 Summon Lightning Spire   Summ/Air       #.......     100%        4    #####..
 Malign Gateway           Summ/Tloc      #.........   100%        7    #######


Dungeon Overview and Level Annotations

Branches:
Dungeon (8/15)             Temple (0/1) D:7            Lair (3/6) D:8
  Snake (0/4) Lair:2
  Swamp: Lair:2-4    Shoals: Lair:2-4

Altars:
Cheibriados
Elyvilon
Hepliaklqana
Kikubaaqudgha
Makhleb
Okawaru
Ru
Sif Muna
Yredelemnul
Zin
The Shining One

Shops:
D:2 *

Annotations:
Gauntlet 8 transporters, 3 runed translucent doors, exclusion: obsidian statue


Innate Abilities, Weirdness & Mutations

You have razor-sharp teeth.
You heal very quickly.
When hurt, damage is shared between your health and your magic reserves.
Your bite disrupts and absorbs the magic of your enemies.
Potions cannot restore your health.
You are immune to rotting.
Armour fits poorly on your strangely shaped body.


Message History

The molten gargoyle blasts magma at you!
You partially resist. The bolt of magma hits you!
The molten gargoyle hits you with a +0 flail.
You are engulfed in flames.
You resist. The catoblepas gores you!!
* * * LOW HITPOINT WARNING * * *
The gargoyle hurls a stone arrow at you.
The stone arrow hits you!
* * * LOW HITPOINT WARNING * * *
The molten gargoyle hits you with a +0 mace!
* * * LOW HITPOINT WARNING * * *
You are engulfed in flames.
You resist.
* * * LOW HITPOINT WARNING * * *
The gargoyle hurls a stone arrow at you.
The stone arrow hits you!
* * * LOW HITPOINT WARNING * * *
The catoblepas breathes a plume of calcifying dust at you.
The blast of calcifying dust hits you but does no damage.
The blast of calcifying dust hits the gargoyle but does no damage.
The molten gargoyle hits you with a +0 flail!
You die...

#≈.PP...#...©...#...PP.
##.P♣.#############...♣
##≈....#©....©....©#....
#≈≈.###################.
##≈.###...###.#xXXx...#.
##.###...###.####x####.#.
##≈.#..+##..#.#..#.#..#.#.
#≈≈.#..#©#Y.#.#.##©##.#.#.
##≈.#..##@9.#.#.#...#.#.#X
##.###?99###.#.#...#.#.#x
##≈.####©####.#.|x©.?.#.#x
#≈≈.#########.#########.##
##≈.......................
##.P♣..P♣...♣P.P♣........
#≈...............P....∩..
#≈≈≈#≈≈≈#≈≈≈#≈≈≈#..♣P.....
##≈###≈###≈###≈###........


You could see a catoblepas, a thrashing horror, 2 molten gargoyles, a gargoyle
and a small abomination.

Vanquished Creatures
  An ice dragon (Lair:1)
  2 hydras
  The ghost of GORGAWROTH the Fighter, a journeyman FoFi of Gozag (Lair:1)
  A wizard (Gauntlet)
  Joseph (D:8)
  3 black mambas
  3 spiny frogs
  4 torpor snails (Lair:1)
  4 rime drakes
  3 komodo dragons
  A hornet (D:8)
  4 blink frogs (Lair:1)
  2 hippogriffs
  3 hogs (D:7)
  A human (D:7)
  15 yaks
  3 chaos spawn (Gauntlet)
  A basilisk (Lair:1)
  A neqoxec (Gauntlet)
  A catoblepas simulacrum (Lair:1)
  Menkaure (D:7)
  6 water moccasins
  5 porcupines
  An orc warrior (D:5)
  A sky beast (D:7)
  An ice beast (D:8)
  3 phantoms
  2 necrophages
  2 ogres
  8 wolves
  3 centaurs
  4 crocodiles
  9 bullfrogs
  3 scorpions
  4 killer bees (D:8)
  A vampire bat (D:7)
  A howler monkey (D:7)
  4 crimson imps
  A quasit (D:8)
  Crazy Yiuf (D:7)
  A water moccasin simulacrum (Lair:1)
  3 hounds
  2 orc priests (D:6)
  2 orc wizards (D:5)
  An iguana (D:6)
  3 worker ants
  A bullfrog simulacrum (Lair:1)
  A hound skeleton (D:5)
  2 porcupine simulacra (Lair:1)
  2 worker ant zombies (D:5)
  2 howler monkey skeletons
  8 adders
  12 gnolls
  A shadow imp (Gauntlet)
  2 white imps (Gauntlet)
  An ooze (D:2)
  3 worms
  A dart slug (D:3)
  2 leopard geckos (D:5)
  22 orcs
  4 bat skeletons (D:7)
  A bat zombie (D:7)
  5 giant cockroaches
  9 goblins
  8 hobgoblins
  7 jackals
  2 quokkas
  A ball python (D:7)
  4 bats
  4 frilled lizards
  6 kobolds
  A leopard gecko skeleton (D:6)
  11 rats
  A fungus (Lair:1)
  A plant (Lair:1)
253 creatures vanquished.

Vanquished Creatures (others)
  A demonic plant (Gauntlet)
1 creature vanquished.

Grand Total: 254 creatures vanquished

Notes
Turn   | Place    | Note
-------+----------+-------------------------------------------
     0 | D:1      | Kairos the Vine Stalker Fighter began the quest for the
                  | Orb.
     0 | D:1      | Reached XP level 1. HP: 11/11 MP: 2/2
   208 | D:1      | Reached XP level 2. HP: 16/16 MP: 3/3
  1055 | D:2      | Reached skill level 3 in Shields
  1055 | D:2      | Reached XP level 3. HP: 19/20 MP: 2/4
  1560 | D:2      | Found Zin's Purification Station.
  1570 | D:2      | Found a glowing silver altar of Zin.
  1770 | D:2      | Gained mutation: Your natural rate of healing is unusually
                  | fast. [Vine Stalker growth]
  1770 | D:2      | Reached XP level 4. HP: 17/24 MP: 5/5
  2532 | D:3      | Reached XP level 5. HP: 28/28 MP: 6/6
  3183 | D:4      | Reached skill level 1 in Dodging
  3423 | D:4      | Found an iron altar of Okawaru.
  3429 | D:4      | Became a worshipper of Warmaster Okawaru
  3575 | D:4      | Noticed a phantom
  3641 | D:4      | Killed a phantom
  3641 | D:4      | Reached skill level 1 in Stealth
  3641 | D:4      | Reached XP level 6. HP: 30/32 MP: 7/7
  4038 | D:5      | Entered Level 5 of the Dungeon
  4052 | D:5      | Reached * piety under Okawaru
  4190 | D:5      | Found a burning altar of Makhleb.
  4367 | D:5      | Reached XP level 7. HP: 36/36 MP: 8/8
  4928 | D:6      | Reached skill level 4 in Shields
  4934 | D:6      | Reached skill level 5 in Axes
  5368 | D:5      | Gained mutation: You have razor-sharp teeth. [Vine Stalker
                  | growth]
  5368 | D:5      | Reached XP level 8. HP: 32/42 MP: 9/9
  5633 | D:6      | Reached ** piety under Okawaru
  5669 | D:6      | Reached skill level 5 in Shields
  5876 | D:6      | Found an ancient bone altar of Kikubaaqudgha.
  5909 | D:6      | Found a basalt altar of Yredelemnul.
  5911 | D:6      | Found a glowing golden altar of the Shining One.
  6059 | D:7      | Found a staircase to the Ecumenical Temple.
  6118 | D:7      | Found a deep blue altar of Sif Muna.
  6149 | D:7      | Found a runed translucent door.
  6150 | D:7      | Noticed Crazy Yiuf
  6294 | D:7      | Reached XP level 9. HP: 36/46 MP: 10/10
  6331 | D:7      | Reached skill level 6 in Shields
  6628 | D:7      | Noticed Menkaure
  6631 | D:7      | Reached *** piety under Okawaru
  6636 | D:7      | Killed Menkaure
  6720 | D:7      | Reached skill level 5 in Armour
  6846 | D:7      | Reached skill level 7 in Shields
  6974 | D:7      | Got an ichor-stained ring mail
  6991 | D:7      | Identified the +3 ring mail "Nokaxofore" {rC+ Regen+ Str+4
                  | Int+2} (You found it on level 7 of the Dungeon)
  7192 | D:7      | Found an ancient bone altar of Kikubaaqudgha.
  7451 | D:8      | Found a staircase to the Lair.
  7744 | D:8      | Reached **** piety under Okawaru
  7765 | D:8      | Received a gift from Okawaru
  7774 | D:8      | Got a pair of scorched boots
  7780 | D:8      | Identified the +2 pair of boots "Upraut" {*Contam Regen+
                  | Int+3} (You found it on level 8 of the Dungeon)
  7789 | D:8      | Noticed a hornet
  7796 | D:8      | Noticed Joseph
  7808 | D:8      | Killed a hornet
  7808 | D:8      | Reached skill level 5 in Fighting
  7808 | D:8      | Reached skill level 8 in Shields
  7808 | D:8      | Reached XP level 10. HP: 39/51 MP: 11/11
  7815 | D:8      | Killed Joseph
  7828 | D:8      | Found a sacrificial altar of Ru.
  8077 | D:8      | Found a hazy altar of Hepliaklqana.
  8326 | Lair:1   | Entered Level 1 of the Lair of Beasts
  8337 | Lair:1   | Noticed a spiny frog
  8352 | Lair:1   | Killed a spiny frog
  8358 | Lair:1   | Reached skill level 9 in Shields
  8358 | Lair:1   | Reached skill level 1 in Invocations
  8388 | Lair:1   | Noticed an ice dragon
  8395 | Lair:1   | Found a runed translucent gate.
  8395 | Lair:1   | Found a runed translucent gate.
  8395 | Lair:1   | Found a runed translucent gate.
  8468 | Lair:1   | Noticed a torpor snail
  8482 | Lair:1   | Killed a torpor snail
  8482 | Lair:1   | Reached ***** piety under Okawaru
  8510 | Lair:1   | Received a gift from Okawaru
  8537 | Lair:1   | Noticed a torpor snail
  8538 | Lair:1   | Found a snail-covered altar of Cheibriados.
  8548 | Lair:1   | Killed a torpor snail
  8548 | Lair:1   | Reached skill level 10 in Axes
  8548 | Lair:1   | Reached XP level 11. HP: 58/58 MP: 12/12
  8849 | Lair:1   | Noticed a six-headed hydra
  8991 | D:7      | Killed Crazy Yiuf
  9055 | Lair:1   | Killed a six-headed hydra
  9055 | Lair:1   | Reached skill level 10 in Shields
  9122 | Lair:1   | Noticed GORGAWROTH's ghost (journeyman FoFi)
  9239 | Lair:1   | Identified Ehiqauli's Disquisition on the Escort
  9492 | Lair:1   | Reached skill level 1 in Maces & Flails
  9612 | Lair:1   | Received a gift from Okawaru
  9614 | Lair:1   | Killed an ice dragon
  9682 | Lair:1   | Killed GORGAWROTH's ghost
  9699 | Lair:1   | Reached skill level 11 in Shields
  9770 | Lair:1   | Got the ring of Xohohidd {Fire}
  9781 | Lair:1   | Identified the ring of Xohohidd {Fire rPois Int+2} (You
                  | found it on level 1 of the Lair of Beasts)
  9928 | Lair:2   | Found a staircase to the Snake Pit.
 10007 | Lair:2   | Found a white marble altar of Elyvilon.
 10141 | Lair:2   | Gained mutation: You heal very quickly. [Vine Stalker
                  | growth]
 10141 | Lair:2   | Reached XP level 12. HP: 60/63 MP: 14/14
 10165 | Lair:2   | Noticed an eight-headed hydra
 10173 | Lair:2   | Killed an eight-headed hydra
 10480 | Lair:2   | Received a gift from Okawaru
 10860 | Lair:3   | Found a gate leading to a gauntlet.
 10874 | Lair:3   | Reached skill level 12 in Shields
 10882 | Gauntlet | Entered a Gauntlet
 10882 | Gauntlet | Found a transporter.
 10893 | Gauntlet | Found a transporter.
 10894 | Gauntlet | Found a transporter.
 10908 | Gauntlet | Noticed a catoblepas
 10912 | Gauntlet | Found a transporter.
 10913 | Gauntlet | Found a transporter.
 10917 | Gauntlet | Found a runed translucent door.
 10917 | Gauntlet | Found a runed translucent door.
 10926 | Gauntlet | Found a transporter.
 10945 | Gauntlet | Found a transporter.
 10955 | Gauntlet | Found a transporter.
 10962 | Gauntlet | Noticed a catoblepas
 10964 | Gauntlet | Found a runed translucent door.
 10965 | Gauntlet | Found a transporter.
 10966 | Gauntlet | Found a runed translucent door.
 10980 | Gauntlet | Found a transporter.
 10990 | Gauntlet | Found a transporter.
 10995 | Gauntlet | Found a transporter.
 11187 | Gauntlet | Got a twitching platinum ring
 11189 | Gauntlet | Identified the ring "Uplucobi" {rElec rPois rN+ Str+3
                  | Stlth+} (You found it in a Gauntlet)
 11258 | Gauntlet | Noticed a thrashing horror
 11260 | Gauntlet | Noticed a thrashing horror
 11269 | Gauntlet | Gained mutation: Armour fits poorly on your strangely
                  | shaped body. [a neqoxec]
 11277 | Gauntlet | Found a transporter.
 11283 | Gauntlet | Got a smoking lapis lazuli ring
 11289 | Gauntlet | Identified the ring "Lokhyucw" {-Tele rF+ rC+ Int+3} (You
                  | found it in a Gauntlet)
 11316 | Gauntlet | HP: 2/63 [gargoyle/stone arrow (5)]
 11316 | Gauntlet | Slain by a molten gargoyle

Skill      XL: |  1  2  3  4  5  6  7  8  9 10 11 12 |
---------------+-------------------------------------+-----
Axes           | 2 3 4 5 6 8 10 11 | 11.8
Fighting       | 3 4 5 6 7 |  7.6
Shields        | 3 4 5 8 9 11 12 | 12.0
Dodging        | 1 2 3 4 |  4.4
Armour         | 3 4 5 6 |  6.4
Stealth        | 1 |  1.9
Invocations    | 1 2 3 |  3.0
Maces & Flails | 1 |  1.3
Evocations     | |  0.3

Action                   |  1- 3 |  4- 6 |  7- 9 | 10-12 || total
-------------------------+-------+-------+-------+-------++-------
Melee: War axe           |    87 |   185 |   333 |   417 ||  1022
       Bite              |    22 |    58 |   108 |   188 ||   376
       Mace              |       |       |       |    15 ||    15
Invok: Heroism           |       |       |     6 |    21 ||    27
       Finesse           |       |       |       |     4 ||     4
Evoke: Wand              |       |       |       |     4 ||     4
  Use: Scroll            |       |     8 |       |    15 ||    23
       Potion            |       |       |       |     1 ||     1
 Stab: Sleeping          |       |       |       |     1 ||     1
  Eat: Ration            |     1 |     1 |     1 |     2 ||     5
       Chunk             |       |     5 |     8 |     6 ||    19
Armor: Scale mail        |    40 |    63 |    62 |       ||   165
       Plate armour      |       |       |    52 |       ||    52
       Ring mail         |       |       |    46 |   122 ||   168
Dodge: Dodged            |    28 |    65 |   147 |   179 ||   419
Block: Shield            |    42 |   102 |   200 |   221 ||   565
       Large shield      |       |       |       |    83 ||    83
